Map: Catalyst LE

Players

aYawningLion

  • Race: Terran Terran
  • League: Platinum
  • Spawn Location: 11:00

Juxtapose - Winner!

  • Race: Terran Terran
  • League: Gold
  • Spawn Location: 5:00

VOD

https://youtu.be/OFn0BbIYUD4

Description

A pretty standard Terran versus Terran for me these days.

Time

  • Played on: Dec. 26, 2017, 8:13 p.m.
  • Length: 6:20
Show
View Real Time Build Order
Export as new Build Order

aYawningLion Terran 

Build Orders:  

Get SALT Encoding   

  12  0:01  SCV  
  13  0:14  SCV  
  14  0:17  Supply Depot  
  14  0:26  SCV  
  15  0:39  SCV, Barracks  
  16  0:49  Refinery  
  16  0:51  SCV  
  17  1:03  SCV  
  18  1:16  SCV  
  19  1:22  Refinery  
  19  1:27  Supply Depot  
  19  1:28  SCV, Marine  
  21  1:40  SCV  
  22  1:51  Factory  
  22  1:52  SCV  
  23  1:55  Marine  
  24  2:13  Marine  
  20  2:15  Orbital Command  
  25  2:30  Command Center  
  25  2:36  Factory Tech Lab  
  25  2:43  Starport  
  25  2:47  Marine  
  25  2:58  Siege Tank  
  28  3:01  SCV  
  28  3:05  Marine  
  30  3:13  SCV  
  31  3:28  Armory  
  31  3:41  Medivac, Siege Tank, Marine  
  31  3:45  Orbital Command  
  38  3:48  SCV  
  38  3:59  Marine  
  38  4:00  SCV  
  40  4:07  Engineering Bay  
  40  4:11  Supply Depot  
  40  4:12  SCV  
  41  4:23  SCV  
  42  4:26  SCV  
  43  4:32  Thor  
  43  4:36  SCV  
  43  4:38  SCV  
  51  4:43  Starport Tech Lab  
  51  4:45  Barracks Tech Lab  
  51  4:48  SCV  
  51  4:50  SCV  
  53  4:52  Supply Depot  
  53  5:03  Barracks  
  53  5:12  SCV  
  54  5:14  Medivac, SCV, Supply Depot  
  54  5:20  Refinery  
  57  5:22  Refinery  
  57  5:23  Marine  
  57  5:24  SCV  
  57  5:26  SCV  
  60  5:36  Siege Tank  
  60  5:40  Marine  
  43  6:07  Barracks Reactor  
Show
View Real Time Build Order
Export as new Build Order

Juxtapose Terran - Winner!

Build Orders:  

Get SALT Encoding   

  12  0:01  SCV  
  13  0:13  SCV  
  14  0:22  Supply Depot  
  14  0:25  SCV  
  15  0:44  SCV  
  15  0:47  Barracks  
  16  0:51  Supply Depot  
  16  0:56  SCV  
  17  1:00  Refinery  
  17  1:08  SCV  
  18  1:17  Refinery  
  18  1:20  SCV  
  19  1:32  SCV  
  20  1:45  Orbital Command  
  20  1:48  Barracks Reactor  
  20  2:12  SCV  
  20  2:13  Factory  
  21  2:25  SCV, Marine x2  
  25  2:37  SCV  
  25  2:41  Engineering Bay  
  25  2:43  Marine x2  
  27  2:52  SCV  
  27  2:58  Factory Reactor  
  28  3:01  Marine x2  
  28  3:04  SCV  
  31  3:09  Terran Infantry Weapons Level 1  
  31  3:13  Missile Turret  
  31  3:28  Supply Depot  
  31  3:50  Cyclone x2, Marine x2  
  31  3:53  Supply Depot  
  39  4:02  Command Center  
  39  4:14  Marine x2  
  41  4:18  Supply Depot  
  41  4:22  Cyclone x2  
  47  4:39  Marine x2  
  47  4:40  Supply Depot  
  49  4:54  Cyclone x2  
  55  5:01  Marine x2  
  57  5:19  Marine x2  
  59  5:28  Starport  
  59  5:34  Barracks, Orbital Command  
  59  5:36  SCV  
  59  5:37  Marine x2  
  62  5:48  SCV  
  57  5:55  Marine x2  
Tags
 
Matchup
TvT
Race
Terran
Spawn Locations
Cross Positions
Add a new tag
Caveats
  • Supply blocks, unpowered buildings, or Contaminate may cause inaccurate times.
  • Supply counts are checked every 10 seconds.